 Dungeon Crawl Stone Soup version 0.24.1-1-gd1d2a07e1b (webtiles) character file.

Game seed: 2394202367520581675, levelgen mode: deterministic

10129 Curus the Carver (level 11, 0/102 HPs)
             Began as a Minotaur Gladiator on Apr 11, 2020.
             Was a High Priest of Trog.
             Succumbed to a green ugly thing's poison
             ... on level 11 of the Dungeon.
             The game lasted 00:56:30 (10760 turns).

Curus the Carver (Minotaur Gladiator)              Turns: 10760, Time: 00:56:30

Health: 0/102      AC: 14    Str: 18    XL:     11   Next: 32%
Magic:  10/10      EV: 16    Int:  9    God:    Trog [*****.]
Gold:   392        SH:  4    Dex: 14    Spells: 10/10 levels left

rFire    + + .     SeeInvis +   C - +0 scimitar
rCold    . . .     Gourm    .   z - +1 buckler
rNeg     . . .     Faith    .   r - +3 ring mail {rPois}
rPois    +         Spirit   .   y - +1 hat {SInv}
rElec    .         Reflect  .   F - +2 cloak
rCorr    .         Harm     .   (no gloves)
MR       .....     Rnd*Rage +   e - +1 pair of boots
Stlth    +.........             (no amulet)
HPRegen  0.27/turn              o - ring of protection from fire
MPRegen  0.12/turn              (no ring)

@: lethally poisoned (0 -> -11), about to teleport
A: retaliatory headbutt, horns 2, berserk 1, clever 1, fire resistance 1
a: Berserk, Trog's Hand, Brothers in Arms, Renounce Religion


You were on level 11 of the Dungeon.
You worshipped Trog.
Trog was extremely pleased with you.
You were not hungry.

You visited 1 branch of the dungeon, and saw 11 of its levels.
You also visited: Ossuary.

You collected 572 gold pieces.
You spent 180 gold pieces at shops.

Inventory:

Hand Weapons
 a - a +1 long sword
 C - a +0 scimitar (weapon)
Missiles
 d - 5 throwing nets (quivered)
Armour
 b - a +0 leather armour
 c - a +1 hat
 e - a +1 pair of boots (worn)
 r - a +3 ring mail of poison resistance (worn)
 y - a +1 hat of see invisible (worn)
 z - a +1 buckler (worn)
 F - a +2 cloak (worn)
Jewellery
 o - a ring of protection from fire (left hand)
Wands
 t - a wand of paralysis (16)
 v - a wand of disintegration (11)
 A - a wand of iceblast (10)
 D - a wand of polymorph (3)
 E - a wand of flame (2)
Scrolls
 g - 11 scrolls of identify
 j - 5 scrolls of remove curse
 k - a scroll of magic mapping
 p - 3 scrolls of amnesia
 q - 6 scrolls of teleportation
 u - a scroll of summoning
 B - 2 scrolls of fog
 G - 2 scrolls of blinking
Potions
 h - 3 potions of ambrosia
 i - 2 potions of resistance
 l - 2 potions of invisibility
 m - 8 potions of curing
 n - 2 potions of agility
 s - 4 potions of brilliance
 w - a potion of haste
 H - 2 potions of heal wounds
Comestibles
 f - 20 rations


   Skills:
 + Level 11.4 Fighting
 - Level 14.0 Long Blades
 - Level 2.0 Throwing
 + Level 10.8 Dodging


You had 10 spell levels left.
You didn't know any spells.
Your spell library contained the following spells:

 Spells                   Type           Power        Failure   Level  Hunger
 Magic Dart               Conj           #...         77%         1    ##.....
 Searing Ray              Conj           #.....       88%         2    ###....
 Dazzling Spray           Conj/Hex       #.....       98%         3    ####...
 Force Lance              Conj/Tloc      #.......     100%        4    #####..
 Fulminant Prism          Conj/Hex       #.........   100%        4    #####..
 Iskenderun's Mystic Bla  Conj           #.......     100%        4    #####..


Dungeon Overview and Level Annotations

Branches:
Dungeon (11/15)            Temple (0/1) D:6         Ossuary (visited)
   Lair: D:8-11         Orc: D:9-12

Altars:
Kikubaaqudgha
Trog
Wu Jian
Xom
Yredelemnul
The Shining One

Shops:
D:4 [


Innate Abilities, Weirdness & Mutations

You reflexively headbutt those who attack you in melee.
You have a pair of horns on your head.
You tend to lose your temper in combat.
Your mind is acute. (Int +2)
Your flesh is heat resistant. (rF+)


Message History

The iguana is heavily wounded.
You feel sick.
The death knight hits you from afar with a +0 halberd!
You slash the iguana!
You kill the iguana!
Trog accepts your kill.
You feel sick.
The death knight mumbles some strange prayers to Yredelemnul against you.
You struggle to resist.
You feel sick.
The death knight hits you with a +0 halberd!!
* * * LOW HITPOINT WARNING * * *
You closely miss the death knight. You headbutt the death knight!
The death knight is lightly wounded.
You feel sick.
As you read the scroll of teleportation, it crumbles to dust.
You feel strangely unstable.
You feel sick.
The death knight hits you with a +0 halberd!
* * * LOW HITPOINT WARNING * * *
You die...

#.############### #.# #.
######'### #. #........# #.
#########.......÷############.
#.............>.............+.
#.###########################.
#.................... ......
###########.#@###############.
#.......#.##........# #.
#.#######p##........# #. #.#
#..............# #. #.#
#.....)).......# ## #.#
#..............#
#.####...≈≈......####
#....'...≈≈≈.....#
######.....≈..^..#


You could see a death knight.

Vanquished Creatures
  Harold (D:7)
  A two-headed ogre (D:8)
  3 ugly things (D:11)
  Maurice (D:10)
  A troll (D:11)
  A hornet (D:11)
  2 hippogriffs
  A vampire (D:11)
  10 yaks
  2 soldier ants (D:11)
  A sky beast (D:5)
  6 orc warriors
  2 ice beasts
  4 ogres
  2 phantoms
  3 centaurs
  A big kobold (D:9)
  7 bullfrogs
  2 water moccasin zombies (Ossuary)
  2 gnoll sergeants
  3 scorpions
  2 water moccasin skeletons (D:8)
  A killer bee (D:7)
  2 centaur zombies
  4 crimson imps
  A bullfrog zombie (D:8)
  3 jellies
  5 hounds
  20 orc wizards
  6 orc priests
  2 bullfrog skeletons
  5 iguanas
  7 worker ants
  3 big kobold zombies (Ossuary)
  A hound zombie (D:8)
  2 mummies (Ossuary)
  2 hound skeletons
  12 gnolls
  A river rat (D:6)
  14 adders
  A shadow imp (D:6)
  2 oozes
  7 adder zombies
  A dart slug (D:2)
  8 leopard geckos
  45 orcs
  5 ball pythons
  9 giant cockroaches
  4 gnoll zombies (Ossuary)
  3 hobgoblins
  7 jackals
  12 kobolds
  4 quokkas
  6 bats
  A frilled lizard (D:2)
  6 goblins
  6 hobgoblin zombies (Ossuary)
  4 kobold zombies (Ossuary)
  A leopard gecko skeleton (D:7)
  5 orc zombies (Ossuary)
  9 rats
295 creatures vanquished.

Vanquished Creatures (others)
  A black bear (D:7)
  A centaur (D:7)
  A crimson imp (D:7)
  A hound (D:7)
  A bullfrog skeleton (D:7)
  An orc priest (D:7)
  An orc (D:7)
7 creatures vanquished.

Grand Total: 302 creatures vanquished

Notes
Turn   | Place    | Note
-------+----------+-------------------------------------------
     0 | D:1      | Curus the Minotaur Gladiator began the quest for the Orb.
     0 | D:1      | Reached XP level 1. HP: 18/18 MP: 0/0
   105 | D:1      | Reached skill level 4 in Long Blades
   240 | D:1      | Gained mutation: Your flesh is heat resistant. (rF+)
                  | [potion of mutation]
   240 | D:1      | Gained mutation: You tend to lose your temper in combat.
                  | [potion of mutation]
   240 | D:1      | Gained mutation: Your mind is acute. (Int +2) [potion of
                  | mutation]
   282 | D:1      | Reached XP level 2. HP: 25/25 MP: 1/1
   554 | D:1      | Reached skill level 5 in Long Blades
   843 | D:2      | Reached XP level 3. HP: 27/30 MP: 2/2
  1000 | D:2      | Found a basalt altar of Yredelemnul.
  1531 | D:3      | Reached skill level 6 in Long Blades
  1531 | D:3      | Reached XP level 4. HP: 14/37 MP: 3/3
  2281 | D:4      | Noticed an ogre
  2612 | D:4      | Reached skill level 7 in Long Blades
  2612 | D:4      | Reached XP level 5. HP: 29/42 MP: 4/4
  2861 | D:4      | Reached skill level 8 in Long Blades
  2864 | D:4      | Reached XP level 6. HP: 47/50 MP: 5/5
  2935 | D:4      | Reached skill level 9 in Long Blades
  3144 | D:4      | Reached XP level 7. HP: 44/56 MP: 6/6
  3288 | D:4      | Reached skill level 10 in Long Blades
  3310 | D:4      | Found Unilen's Armour Shoppe.
  3344 | D:4      | Found a bloodstained altar of Trog.
  3350 | D:4      | Became a worshipper of Trog the Wrathful
  3374 | D:5      | Entered Level 5 of the Dungeon
  3657 | D:5      | Found a sand-covered staircase.
  3665 | Ossuary  | Entered an ossuary
  3732 | Ossuary  | Reached * piety under Trog
  3746 | Ossuary  | Reached skill level 11 in Long Blades
  4126 | D:4      | Bought a +2 ring mail of poison resistance for 180 gold
                  | pieces
  4237 | D:5      | Reached XP level 8. HP: 33/62 MP: 7/7
  4298 | D:5      | Reached skill level 12 in Long Blades
  4299 | D:5      | Reached ** piety under Trog
  5125 | D:6      | Found a glowing golden altar of the Shining One.
  5173 | D:6      | Reached skill level 13 in Long Blades
  5417 | D:6      | Identified a scroll of acquirement
  5728 | D:6      | Found a staircase to the Ecumenical Temple.
  5795 | D:7      | Reached XP level 9. HP: 39/68 MP: 8/8
  5797 | D:7      | Reached *** piety under Trog
  5977 | D:7      | Reached skill level 14 in Long Blades
  6290 | D:7      | Found a shimmering altar of Xom.
  6373 | D:7      | Noticed Harold
  6403 | D:7      | Killed Harold
  6404 | D:7      | Received a gift from Trog
  7166 | D:8      | Noticed a two-headed ogre
  7179 | D:8      | Killed a two-headed ogre
  7179 | D:8      | Reached XP level 10. HP: 86/86 MP: 9/9
  7214 | D:8      | Reached **** piety under Trog
  7310 | D:8      | Received a gift from Trog
  7734 | D:8      | Found an ancient bone altar of Kikubaaqudgha.
  7734 | D:8      | Found an ornate altar of the Wu Jian Council.
  7935 | D:9      | Received a gift from Trog
  8537 | D:10     | Entered Level 10 of the Dungeon
  8574 | D:10     | Reached skill level 10 in Fighting
  9018 | D:10     | Noticed Maurice
  9036 | D:10     | Killed Maurice
  9731 | D:11     | Noticed a white ugly thing
  9741 | D:11     | Killed a white ugly thing
  9778 | D:11     | Reached skill level 10 in Dodging
  9778 | D:11     | Reached XP level 11. HP: 29/101 MP: 10/10
  9793 | D:11     | Reached ***** piety under Trog
  9804 | D:11     | HP: 5/101 [yak (10)]
 10314 | D:11     | Noticed a cyan ugly thing
 10324 | D:11     | Killed a cyan ugly thing
 10713 | D:11     | Noticed a death knight
 10713 | D:11     | Noticed a green ugly thing
 10752 | D:11     | Killed a green ugly thing
 10759 | D:11     | HP: 2/102 [death knight/+0 halberd (17)]
 10760 | D:11     | Succumbed to a green ugly thing's poison

Levels and vault maps discovered:
D:1:      dpeg_arrival_prison, layout_basic, nrook_mini_vaults, st_stairs_11
D:2:      layout_rooms, yredelemnul_altar_generic, minmay_crystal_water
D:3:      layout_loops_cross, kennysheep_generic_room_8
D:4:      layout_basic, marbit_many_paths, first_ration, serial_shops,
          nicolae_shop_temple_entry_statues_fountains
D:5:      layout_basic, nicolae_ossuary_entry_plus
D:6:      layout_basic, nicolae_tso_swordbearing_angel, temple_green,
          portal_sewer_entry_b
D:7:      layout_rooms, xom_confusion_cloud, minivault_25, uniq_harold
D:8:      layout_cave_pools, amethyst_overflow_temple_binary
D:9:      layout_basic
D:10:     layout_long_grid, uniq_maurice
D:11:     layout_basic, erik_lair_dragon, hangedman_pestilent_swarm

Skill      XL: |  1  2  3  4  5  6  7  8  9 10 11 |
---------------+----------------------------------+-----
Long Blades    | 4 5 6 7 8 9 11 13 14 | 14.0
Fighting       | 7 10 11 | 11.4
Dodging        | 7 10 | 10.8
Throwing       | |  2.0

Action                   |  1- 3 |  4- 6 |  7- 9 | 10-12 || total
-------------------------+-------+-------+-------+-------++-------
Melee: Long sword        |    73 |    94 |   396 |       ||   563
       Headbutt          |    12 |    18 |   102 |    81 ||   213
       Scimitar          |       |       |    27 |   335 ||   362
Invok: Berserk           |       |       |     3 |     3 ||     6
Evoke: Wand              |       |       |       |     3 ||     3
  Use: Potion            |     5 |     3 |     1 |     3 ||    12
       Scroll            |     7 |     1 |     9 |     4 ||    21
  Eat: Chunk             |     1 |     6 |    16 |     8 ||    31
       Ration            |       |       |       |     2 ||     2
Armor: Leather armour    |    22 |    18 |    22 |       ||    62
       Ring mail         |       |       |    89 |    74 ||   163
Dodge: Dodged            |    55 |    52 |   182 |   160 ||   449
Block: Buckler           |       |       |    10 |    46 ||    56
       Rpst.: Long sword |    17 |    17 |    49 |       ||    83
       Scimitar          |       |       |     7 |    41 ||    48
